 Dungeon Crawl Stone Soup version 0.30.1-9-gdf580d7c3d (webtiles) character file.

Game seed: 15901773401484347939

72020 KittyFluff the Tortoise (level 15, -14/96 HPs)
             Began as a Gargoyle Berserker on Oct 21, 2023.
             Was the Champion of Trog.
             Demolished by a white ugly thing (20 damage)
             ... on level 14 of the Dungeon.
             The game lasted 01:29:25 (18600 turns).

KittyFluff the Tortoise (Gargoyle Berserker)       Turns: 18600, Time: 01:29:27

Health: -14/96     AC: 37    Str: 31    XL:     15   Next: 38%
Magic:  15/15      EV: 28    Int:  9    God:    Trog [******]
Gold:   1025       SH:  6    Dex: 11    Spells: 14/14 levels left

rFire   + . .        Y - +1 demon whip (venom)
rCold   . . .        p - +0 buckler
rNeg    + . .        D - +2 scale mail {rF+}
rPois   ∞            x - +2 helmet
rElec   +            m - +1 cloak {rPois}
rCorr   .            w - +0 pair of gloves
SInv    .            n - +0 pair of boots
Will    +....        C - amulet of the acrobat Stlth
                     l - +6 ring of strength
HPRegen 0.36/turn    r - +4 ring of protection
MPRegen 0.14/turn

%: acrobat
@: on berserk cooldown, acrobatic, flying, slowed, very slow
A: sickness immunity, AC +11, big wings, negative energy resistance 1,
electricity resistance, torment resistance 1, petrification resistance
a: Renounce Religion, Berserk, Trog's Hand, Brothers in Arms


You were on level 14 of the Dungeon.
You worshipped Trog.
Trog was exalted by your worship.
You visited 2 branches of the dungeon, and saw 19 of its levels.
You also visited: Volcano.

You collected 1233 gold pieces.
You spent 208 gold pieces at shops.

Inventory:

Hand Weapons
 a - a +0 triple crossbow
 o - a +4 morningstar
 N - the +8 sling "Killer Bee's Death" {freeze, rC+}
   (You bought it in a shop on level 7 of the Dungeon)

   rC:        It protects you from cold.
 W - a +2 eveningstar of freezing
 Y - a +1 demon whip of venom (weapon)
Missiles
 h - 20 poisoned darts (quivered)
 y - 21 boomerangs
 Q - 2 throwing nets
 X - 6 silver javelins
Armour
 m - a +1 cloak of poison resistance (worn)
 n - a +0 pair of boots (worn)
 p - a +0 buckler (worn)
 w - a +0 pair of gloves (worn)
 x - a +2 helmet (worn)
 D - a +2 scale mail of fire resistance (worn)
 L - +0 ice dragon scales
 O - an orb of mayhem
Jewellery
 l - a +6 ring of strength (left hand)
 r - a +4 ring of protection (right hand)
 C - an amulet of the acrobat (around neck)
 J - a ring of see invisible
Wands
 b - a wand of light (3)
 d - a wand of mindburst (16)
 B - a wand of roots (19)
 F - a wand of charming (8)
 P - a wand of flame (22)
 V - a wand of polymorph (5)
Scrolls
 c - 2 scrolls of vulnerability {unknown}
 f - a scroll of summoning {unknown}
 i - 3 scrolls of noise {unknown}
 k - a scroll of blinking {unknown}
 q - 5 scrolls of teleportation
 s - 2 scrolls of fog {unknown}
 v - a scroll of torment
 z - 2 scrolls of poison
 A - 2 scrolls of magic mapping {unknown}
 E - a scroll of silence
 R - 2 scrolls of immolation
 S - 3 scrolls of enchant armour
Potions
 e - 5 potions of heal wounds
 g - 7 potions of curing
 j - a potion of flight {unknown}
 t - a potion of ambrosia {unknown}
 u - 7 potions of might
 G - 3 potions of haste {unknown}
 H - 3 potions of resistance
 I - a potion of brilliance {unknown}
 K - 3 potions of lignification {unknown}
 M - 2 potions of invisibility {unknown}
 T - 2 potions of berserk rage {unknown}
 U - 2 potions of mutation {unknown}
 Z - 3 potions of cancellation


   Skills:
 + Level 11.8 Fighting
 * Level 14.8 Maces & Flails
 * Level 15.9 Armour
 + Level 8.9 Dodging
 + Level 11.2 Shields


You had 14 spell levels left.
You didn't know any spells.
Your spell library was empty.

Dungeon Overview and Level Annotations

Branches:
Dungeon (14/15) Temple (0/1) D:4 Lair (5/5) D:10 Shoals (0/4) Lair:3 Snake (0/4) Lair:2 Slime (0/5) Lair:4 Orc (0/2) D:9 Vaults (0/5) D:13 D:14 Volcano (visited)

Altars:
Cheibriados
Makhleb
Qazlal
Trog
Vehumet
Wu Jian
Yredelemnul
Zin
The Shining One
Jiyva

Shops:
D:1 (   D:7 (   D:8 *

Portals:
Hell: Lair:5

Annotations:
Lair:1 3 runed translucent doors, monsoonserge's ghost, journeyman MeMo


Innate Abilities, Weirdness & Mutations

You are immune to sickness and miasma.
Your stone body is resilient. (AC +11)
You are immune to poison.
Your large and strong wings let you fly.
You resist negative energy. (rN+)
You are resistant to electric shocks. (rElec)
You are resistant to unholy torment.
You are immune to petrification.


Message History

You destroy the vampire mosquito!
Trog accepts your kill.
You whack the gargoyle!
The gargoyle is moderately damaged.
The vampire mosquito bites you but does no damage.
You whack the gargoyle!
The gargoyle is heavily damaged.
The vampire mosquito bites you but does no damage.
The gargoyle hits you with a +0 flail of holy wrath!
You closely miss the gargoyle.
The gargoyle is heavily damaged.
You block the vampire mosquito's attack.
You whack the gargoyle!
The gargoyle is almost destroyed.
The vampire mosquito closely misses you.
You thrash the gargoyle!!
You feel the power of Trog in you as your rage grows.
You destroy the gargoyle!
Trog accepts your kill.
You thrash the vampire mosquito!!
The vampire mosquito is almost destroyed.
You block the vampire mosquito's attack.
You whack the vampire mosquito!
You destroy the vampire mosquito!
Trog accepts your kill.
A white ugly thing comes into view.
The white ugly thing gurgles horribly!
Things that are here:
an ugly thing corpse; a manticore corpse You feel a strong urge to attack something.
You are no longer berserk.
You are exhausted.
You feel yourself slow down.
The white ugly thing attacks as you move away!
The white ugly thing tail-slaps you! The white ugly thing freezes you!!
* * * LOW HITPOINT WARNING * * *
The white ugly thing tail-slaps you.
* * * LOW HITPOINT WARNING * * *
The white ugly thing freezes you!!
You die...

..........#
..........#
..........#
.......†.u# #
.......)..####
...#
.............#
.....
..#####......##
..... . #....u..#
......
#[....@.###....^.
#######..........
##..#...###
#..#...#
#.##...######
######.##........#
#......##........#
#................#
#................#


You could see 2 ugly things.

Vanquished Creatures
  Jorgrun (D:12)
  Kirke (Lair:3)
  Nessos (D:14)
  A red draconian (Volcano)
  7 hydras
  A boulder beetle (Lair:5)
  A centaur warrior (D:13)
  5 two-headed ogres
  A tengu warrior (D:13)
  9 death yaks
  Urug (Lair:2)
  Sonja (D:11)
  3 skysharks (Lair:5)
  Amaemon (Lair:2)
  A sun demon (Lair:5)
  A salamander mystic (Volcano)
  2 orc knights
  A deep elf pyromancer (D:12)
  A wizard (Lair:5)
  6 salamanders (Volcano)
  5 ugly things
  2 cyclopes
  2 manticores
  9 elephants
  Maurice (D:12)
  3 black mambas
  3 merfolk sirens (Lair:3)
  An orange demon (Lair:2)
  A gargoyle (D:14)
  3 unseen horrors
  2 kobold demonologists
  11 cane toads
  6 rime drakes
  An efreet (D:14)
  8 komodo dragons
  An ice devil (Lair:5)
  A merfolk (Lair:3)
  5 red devils (Lair:5)
  A hellwing (Lair:5)
  A polar bear (shapeshifter) (D:13)
  7 trolls
  2 polar bears
  12 dream sheep
  28 blink frogs
  A dream sheep (shapeshifter) (D:13)
  2 shadows (D:11)
  4 water elementals (D:13)
  4 wyverns
  2 basilisks
  32 yaks
  A vampire (D:12)
  3 hogs (Lair:3)
  15 humans
  A wraith (D:10)
  9 vampire mosquitoes
  A naga (Lair:2)
  12 water moccasins
  An acid dragon (D:10)
  5 hell hounds
  3 ice beasts
  2 sky beasts (D:7)
  5 orc warriors
  2 black bears (D:10)
  5 centaurs
  2 phantoms (D:5)
  5 bullfrogs
  A gnoll sergeant (D:10)
  A scorpion (D:10)
  7 wights
  12 killer bees
  3 electric eels
  6 howler monkeys
  4 jellies
  8 orc priests
  6 hounds
  Crazy Yiuf (D:7)
  6 iguanas
  2 sleepcaps
  17 orc wizards
  6 gnolls
  6 adders
  A shadow imp (D:7)
  A white imp (D:7)
  An ufetubus (D:6)
  A worm (D:3)
  4 dart slugs
  42 orcs
  5 endoplasms
  5 giant cockroaches
  4 goblins
  2 hobgoblins
  8 kobolds
  4 quokkas (D:1)
  3 ball pythons
  A bat (D:1)
  3 frilled lizards
  6 rats
456 creatures vanquished.

Notes
Turn   | Place    | Note
-------+----------+-------------------------------------------
     0 | D:1      | KittyFluff the Gargoyle Berserker began the quest for the
                  | Orb.
     0 | D:1      | Reached XP level 1. HP: 14/14 MP: 1/1
   140 | D:1      | Reached XP level 2. HP: 13/19 MP: 2/2
   240 | D:1      | Found Quned's Weapon Boutique.
   593 | D:1      | Reached XP level 3. HP: 23/23 MP: 3/3
   627 | D:1      | Reached ** piety under Trog
   651 | D:1      | Reached skill level 3 in Armour
   897 | D:2      | You fall into a shaft and drop 1 floor!
  1349 | D:3      | Reached XP level 4. HP: 28/28 MP: 4/4
  1821 | D:3      | Reached XP level 5. HP: 15/33 MP: 5/5
  2041 | D:4      | Reached skill level 1 in Shields
  2172 | D:4      | Reached skill level 4 in Armour
  2306 | D:4      | Reached XP level 6. HP: 30/38 MP: 6/6
  2376 | D:4      | Found a snail-covered altar of Cheibriados.
  2465 | D:4      | Found a staircase to the Ecumenical Temple.
  2484 | D:5      | Entered Level 5 of the Dungeon
  2787 | D:5      | Reached XP level 7. HP: 44/44 MP: 7/7
  2788 | D:5      | Reached *** piety under Trog
  2922 | D:5      | Reached skill level 5 in Maces & Flails
  2922 | D:5      | Reached skill level 5 in Armour
  3530 | D:6      | Reached XP level 8. HP: 47/48 MP: 8/8
  3551 | D:6      | Reached skill level 5 in Fighting
  3554 | D:6      | Reached skill level 6 in Armour
  3867 | D:6      | Found a basalt altar of Yredelemnul.
  3867 | D:6      | Found a radiant altar of Vehumet.
  4111 | D:6      | Found a glowing golden altar of the Shining One.
  4295 | D:7      | Reached **** piety under Trog
  4386 | D:7      | Reached XP level 9. HP: 38/54 MP: 9/9
  4400 | D:7      | Found Xealeser's Antique Weapon Shop.
  4554 | D:7      | Reached skill level 7 in Armour
  4802 | D:7      | Found a glowing silver altar of Zin.
  4840 | D:7      | Found a runed translucent door.
  4841 | D:7      | Noticed Crazy Yiuf
  4850 | D:7      | Killed Crazy Yiuf
  4917 | D:8      | Found Cohyzopia's Changing Room.
  5214 | D:8      | Reached ***** piety under Trog
  5617 | D:9      | Reached skill level 5 in Shields
  5666 | D:9      | Reached skill level 8 in Armour
  5688 | D:9      | Reached XP level 10. HP: 50/61 MP: 10/10
  5896 | D:9      | Noticed a two-headed ogre
  5910 | D:9      | Killed a two-headed ogre
  6247 | D:9      | Reached skill level 9 in Armour
  6340 | D:9      | Found a staircase to the Orcish Mines.
  6470 | D:9      | Received a gift from Trog
  6671 | D:7      | Bought a steaming sling for 208 gold pieces
  6671 | D:7      | Identified the +8 sling "Killer Bee's Death" {freeze, rC+}
                  | (You bought it in a shop on level 7 of the Dungeon)
  6714 | D:10     | Entered Level 10 of the Dungeon
  6825 | D:9      | Reached skill level 5 in Dodging
  6969 | D:10     | Found a stormy altar of Qazlal.
  6992 | D:10     | Found an ornate altar of the Wu Jian Council.
  7495 | D:10     | Reached XP level 11. HP: 67/67 MP: 11/11
  7499 | D:10     | Reached skill level 10 in Armour
  7637 | D:10     | Found a staircase to the Lair.
  7647 | D:10     | Noticed a two-headed ogre
  7666 | D:10     | Killed a two-headed ogre
  7686 | Lair:1   | Entered Level 1 of the Lair of Beasts
  7968 | Lair:1   | Found a runed translucent gate.
  7968 | Lair:1   | Found a runed translucent gate.
  7970 | Lair:1   | Found a runed translucent gate.
  7970 | Lair:1   | Noticed monsoonserge's ghost (journeyman MeMo)
  8282 | Lair:1   | Reached skill level 10 in Maces & Flails
  8529 | Lair:2   | Noticed Urug
  8550 | Lair:2   | Killed Urug
  8551 | Lair:2   | Reached skill level 11 in Armour
  8650 | Lair:2   | Noticed Amaemon
  8671 | Lair:2   | Killed Amaemon
  8993 | Lair:2   | Reached XP level 12. HP: 59/75 MP: 12/12
  9295 | Lair:2   | Found a staircase to the Snake Pit.
  9473 | Lair:3   | Identified the ring "Fiss" {Wiz rPois rC- rN+ Str+4}
  9637 | Lair:3   | Noticed a six-headed hydra
  9650 | Lair:3   | Killed a six-headed hydra
  9683 | Lair:3   | Reached skill level 12 in Armour
  9731 | Lair:3   | Found a staircase to the Shoals.
  9781 | Lair:3   | Noticed a death yak
  9781 | Lair:3   | Noticed a death yak
  9781 | Lair:3   | Noticed a death yak
  9782 | Lair:3   | Noticed a death yak
  9782 | Lair:3   | Noticed a death yak
  9816 | Lair:2   | Killed a death yak
  9856 | Lair:2   | Killed a death yak
  9874 | Lair:2   | Killed a death yak
  9880 | Lair:2   | Killed a death yak
  9887 | Lair:2   | Killed a death yak
 10099 | Lair:3   | Reached XP level 13. HP: 80/80 MP: 13/13
 10099 | Lair:3   | Noticed Kirke
 10124 | Lair:3   | Killed Kirke
 10192 | Lair:3   | Reached skill level 13 in Armour
 10523 | Lair:4   | Found a viscous altar of Jiyva.
 10523 | Lair:4   | Found a staircase to the Slime Pits.
 10545 | Lair:4   | Reached ****** piety under Trog
 10907 | Lair:4   | Found a dark tunnel.
 10927 | Volcano  | Entered a volcano
 10981 | Volcano  | Reached skill level 10 in Fighting
 11124 | Volcano  | Found a radiant altar of Vehumet.
 11125 | Volcano  | Noticed a red draconian
 11360 | Volcano  | Killed a red draconian
 11893 | Lair:4   | Identified the ring "Pubakej" {rN+ Stlth+}
 11971 | Lair:5   | Entered Level 5 of the Lair of Beasts
 12429 | Lair:5   | Reached skill level 14 in Armour
 12607 | Lair:5   | Gained mutation: Your large and strong wings let you fly.
                  | [Gargoyle growth]
 12607 | Lair:5   | Reached XP level 14. HP: 60/88 MP: 14/14
 12618 | Lair:5   | Received a gift from Trog
 12749 | Lair:5   | Reached skill level 10 in Shields
 13864 | Lair:5   | Found a burning altar of Makhleb.
 13959 | Lair:5   | Reached skill level 15 in Armour
 14141 | Lair:5   | Found a gateway to Hell.
 14224 | Lair:5   | Identified the amulet "Xomotops" {Reflect rCorr Dex+3 SH+5}
 14545 | D:11     | Noticed Sonja
 14579 | D:11     | Killed Sonja
 15408 | D:11     | Identified the +0 ring mail of Gestures {rF+ Dex+3}
 15500 | D:12     | Found a bloodstained altar of Trog.
 15725 | D:12     | Received a gift from Trog
 15909 | D:12     | Noticed Jorgrun
 16065 | D:12     | Killed Jorgrun
 16564 | D:12     | Reached XP level 15. HP: 69/95 MP: 15/15
 16659 | D:13     | Noticed Maurice
 16697 | D:12     | Killed Maurice
 17926 | D:14     | Noticed Nessos
 17926 | D:14     | Found a gate to the Vaults.
 18203 | D:14     | Killed Nessos
 18600 | D:14     | Demolished by a white ugly thing

Illustrated notes

Levels and vault maps discovered:
D:1:      mrwooster_arrival_statue_2, layout_loops_ring, serial_shops, shop
D:2:      layout_rooms, basic_altar, serial_shops, nicolae_diamond_shop,
          uniq_jessica, uniq_robin
D:3:      layout_basic, nrook_mini_vaults, wander_ebering_terrifying_dragon_lair
D:4:      layout_rooms, cheibriados_altar_1, minmay_temple_entry_statues_pillars
D:5:      layout_loops_cross
D:6:      layout_basic, mainiacjoe_overflow_alcove_1,
          gammafunk_temple_overflow_elements, serial_bayou,
          serial_bayou_shore_a, serial_bayou_pond_b, serial_bayou_shore_b,
          serial_bayou_pond_b, serial_bayou_crossing, serial_bayou_pond_e,
          minmay_holes
D:7:      layout_rooms, zin_scriptorium, serial_shops,
          nicolae_shop_real_fake_doors, uniq_crazy_yiuf_cottage
D:8:      layout_cave_pools, nicolae_transmutations_shop
D:9:      layout_loops_corners, david_orc_3
D:10:     layout_basic, chequers_temple_overflow_statue_of_worship,
          due_lair_maze_entry_diamond
D:11:     layout_layer_cave, kennysheep_donut, uniq_sonja
D:12:     layout_layer_cave, trog_three_pillars_becter, uniq_jorgrun
D:13:     layout_basic, uniq_maurice
D:14:     layout_basic, david_vaults_3, minmay_crystal_room,
          nicolae_trove_entry_path_of_doom
Lair:1:   layout_roguey, gammafunk_ghost_split
Lair:2:   layout_hall_layers, guppyfry_snake_entry_island, uniq_amaemon,
          uniq_urug
Lair:3:   layout_big_grid, elwin_shoals_entry_stream, uniq_kirke
Lair:4:   layout_cellular_growth, slime_entry_1, enter_volcano_3
Lair:5:   evil_forest, layout_long_grid, serial_bayou_ford_a,
          lemuel_old_faithful

Skill      XL: |  1  2  3  4  5  6  7  8  9 10 11 12 13 14 15 |
---------------+----------------------------------------------+-----
Armour         | 3 4 5 6 8 9 11 12 14 15 | 15.9
Dodging        | 2 3 4 5 6 7 8 |  8.9
Maces & Flails | 4 5 6 8 9 10 11 13 14 | 14.8
Shields        | 1 2 3 4 5 6 7 8 9 10 11 | 11.2
Fighting       | 4 5 6 7 8 9 10 11 | 11.8

Action                     |  1- 3 |  4- 6 |  7- 9 | 10-12 | 13-15 || total
---------------------------+-------+-------+-------+-------+-------++-------
  Melee: Mace              |   107 |   130 |   390 |   462 |       ||  1089
         Punch             |     1 |       |       |       |       ||     1
         Demon whip        |       |       |       |   273 |  1275 ||  1548
         Unarmed           |       |       |       |       |     2 ||     2
   Fire: Sling             |       |       |       |     3 |       ||     3
  Throw: Dart              |       |       |       |     2 |     3 ||     5
 Invoke: Berserk           |       |     1 |       |     2 |     5 ||     8
    Use: Scroll            |       |       |     4 |     1 |    11 ||    16
         Potion            |       |       |       |       |     2 ||     2
 Armour: Animal skin       |    42 |    55 |       |       |       ||    97
         Robe              |       |     1 |   257 |   101 |     6 ||   365
         Troll leather arm |       |       |       |   254 |    35 ||   289
         Scale mail        |       |       |       |       |   440 ||   440
         Leather armour    |       |       |       |       |     2 ||     2
  Dodge: Dodged            |    66 |    62 |   223 |   341 |   542 ||  1234
  Block: Buckler           |     1 |    11 |    81 |   152 |   237 ||   482
